 Dungeon Crawl Stone Soup version 0.26-a0-1222-g14533b3512 (webtiles) character file.

Game seed: 4079904577622800780

5083 Conn the Sneak (level 10, -5/63 HPs)
             Began as an Octopode Fire Elementalist on Dec 30, 2020.
             Slain by a gnoll
             ... wielding a +0 war axe
              (14 damage)
             ... in a bailey on Dec 31, 2020.
             The game lasted 00:30:45 (11947 turns).

Conn the Sneak (Octopode Fire Elementalist)        Turns: 11947, Time: 00:30:54

Health: -5/63      AC:  1    Str:  5 (8)  XL:     10   Next: 57%
Magic:  2/20       EV: 14    Int: 18 (21) God:
Gold:   463        SH:  0    Dex:  9 (12) Spells: 5/23 levels left

rFire    . . .     SeeInvis .   a - +4 short sword
rCold    + . .     Faith    .   (no shield)
rNeg     . . .     Spirit   .   (helmet restricted)
rPois    .         Reflect  .   (no amulet)
rElec    .         Harm     .   e - ring of wizardry
rCorr    .         Rampage  .   s - ring of protection from cold
Will     .....                  (no ring)
Stlth    ++++......             (no ring)
HPRegen  0.20/turn              (no ring)
MPRegen  0.17/turn              (no ring)
                                (no ring)
                                (no ring)

@: brilliant, berserk cooldown, slowed, very slow
A: almost no armour, stealthy swim, amphibious, 8 rings, constrict 8, camouflage
1, gelatinous body 1
a: no special abilities


You were in a bailey.
You visited 2 branches of the dungeon, and saw 9 of its levels.
You also visited: Bailey.

You collected 463 gold pieces.

Inventory:

Hand Weapons
 a - a +4 short sword (weapon)
 b - a +1 vorpal hand axe
Missiles
 n - 3 curare-tipped darts (quivered)
Armour
 h - a cursed +0 buckler
Magical Staves
 q - an uncursed staff of poison
 x - an uncursed staff of death
Jewellery
 e - a ring of wizardry (left tentacle)
 s - a ring of protection from cold (right tentacle)
Wands
 f - a wand of acid (7)
 k - a wand of flame (43)
 w - a wand of polymorph (9)
Scrolls
 c - a scroll of fog {unknown}
 d - 8 scrolls of identify {unknown}
 g - 4 scrolls of teleportation
 i - 2 scrolls of magic mapping {unknown}
 j - 3 scrolls of enchant weapon {unknown}
 m - a scroll of amnesia {unknown}
 o - 2 scrolls of noise {unknown}
 r - a scroll of fear {unknown}
 u - a scroll of remove curse {unknown}
Potions
 t - 3 potions of brilliance
 v - a potion of curing


   Skills:
 + Level 3.6 Fighting
 + Level 3.9 Short Blades
 + Level 4.4 Axes
 + Level 0.1 Throwing
 + Level 4.4 Dodging
 + Level 7.7 Stealth
 + Level 7.1 Spellcasting
 + Level 6.1 Conjurations
 + Level 0.4 Hexes
 + Level 7.2 Fire Magic
 + Level 0.4 Evocations


You had 5 spell levels left.
You knew the following spells:

 Your Spells              Type           Power        Failure   Level
a - Foxfire               Conj/Fire      100%         1%          1
b - Conjure Flame         Conj/Fire      45%          1%          3
c - Inner Flame           Hex/Fire       30%          2%          3
d - Sticky Flame          Conj/Fire      45%          2%          4
e - Slow                  Hex            12%          5%          2
f - Fireball              Conj/Fire      22%          8%          5

Your spell library contained the following spells:

 Spells                   Type           Power        Failure   Level
 Corona                   Hex            13%          3%          1
 Portal Projectile        Hex/Tloc       20%          12%         3
 Cause Fear               Hex            6%           32%         4
 Leda's Liquefaction      Hex/Erth       5%           34%         4


Dungeon Overview and Level Annotations

Branches:
Dungeon (8/15)             Temple (1/1) D:4          Bailey (1/1)
   Lair: D:8-11

Altars:
Ashenzari
Cheibriados
Dithmenos
Elyvilon
Fedhas
Gozag
Makhleb
Nemelex Xobeh
Okawaru
Qazlal
Ru
Trog
Uskayaw
Wu Jian
Xom
Yredelemnul
The Shining One

Shops:
D:7 *


Innate Abilities, Weirdness & Mutations

You cannot wear most types of armour.
You are very stealthy in the water. (Stealth+)
You are amphibious.
You can wear up to eight rings at the same time.
You can use your tentacles to constrict eight enemies at once.
Your skin changes colour to match your surroundings (Stealth+).
Your rubbery body absorbs attacks. (AC +1, EV +1)


Message History

Press: ? - help, Shift-Dir - straight line, f - goblin
Aim: a goblin, wielding a +0 hand axe and wearing a +3 leather armour (36% to evade)
Okay, then.
Okay, then.
Okay, then.
Unknown command.
Evoke which item? (* to show all) (? for menu, Esc to quit)
Aiming: Corrosive Bolt
Press: ? - help, Shift-Dir - straight line, f - goblin
Aim: a goblin, wielding a +0 hand axe and wearing a cursed +0 leather armour (36% to evade)
The bolt of acid hits the goblin.
The goblin is splashed with acid.
The acid corrodes the goblin!
You kill the goblin!
The bolt of acid hits the orc warrior.
The orc warrior is splashed with acid.
The acid corrodes the orc warrior!
The orc warrior is heavily wounded.
The bolt of acid hits the goblin!
The goblin is splashed with acid.
You kill the goblin!
The goblin closely misses you. The gnoll hits you with a +0 war axe!
You die...

...⌠.... #.....)
.........8 #.....) ...
#...... ... ### ###.....
...###.### ###.###...
#o#.....### #....o#o#.
##.o.......## .....og.##
#....g.g....# .....goo.#
#...).o)@...# ....g..).#
#.....⌠g....# ...⌠g.)..#
#...........'...........#
#...........#...........#
##.........## .........##
###.....### #.....###
###.### ###


You could see an orc warrior (corroded), a gnoll, 2 orcs and 2 goblins.

Vanquished Creatures
  An orc knight (Bailey)
  Pikel (D:5)
  Maggie (D:6)
  Duvessa (D:5)
  7 orc warriors
  3 ogres
  2 phantoms
  A necrophage (D:6)
  3 centaurs
  8 bullfrogs
  Dowan (D:5)
  A scorpion (D:7)
  17 wights (D:6)
  A howler monkey (D:6)
  3 hounds (D:7)
  A jelly (D:7)
  4 orc priests
  A centaur skeleton (D:5)
  5 orc wizards
  A bullfrog skeleton (D:4)
  Natasha (thrice) (D:2)
  An iguana (D:7)
  6 worker ants
  A howler monkey zombie (D:3)
  Robin (D:2)
  13 gnolls
  6 adders
  4 white imps
  An ufetubus (D:8)
  An adder skeleton (D:4)
  An adder zombie (D:7)
  3 worms
  3 dart slugs
  6 leopard geckos
  29 orcs
  7 bats
  3 giant cockroaches
  14 hobgoblins
  2 quokkas
  3 ball pythons
  6 frilled lizards
  27 goblins
  6 kobolds
  A quokka skeleton (D:5)
  4 rats
215 creatures vanquished.

Vanquished Creatures (others)
  557 foxfires
557 creatures vanquished.

Grand Total: 772 creatures vanquished

Notes
Turn   | Place    | Note
-------+----------+-------------------------------------------
     0 | D:1      | Conn the Octopode Fire Elementalist began the quest for the
                  | Orb.
     0 | D:1      | Reached XP level 1. HP: 11/11 MP: 3/3
   477 | D:1      | Reached XP level 2. HP: 17/17 MP: 1/5
  1145 | D:2      | Noticed Natasha
  1154 | D:2      | Killed Natasha
  1155 | D:2      | Reached XP level 3. HP: 12/21 MP: 6/6
  1301 | D:2      | Learned a level 3 spell: Conjure Flame
  1405 | D:2      | Noticed Natasha
  1420 | D:2      | Killed Natasha
  1421 | D:2      | Reached XP level 4. HP: 26/27 MP: 0/8
  1679 | D:2      | Noticed Robin
  1690 | D:2      | Killed Robin
  1695 | D:2      | Reached skill level 1 in Axes
  1761 | D:2      | Noticed Natasha
  1966 | D:2      | Reached XP level 5. HP: 31/31 MP: 2/9
  2072 | D:2      | Killed Natasha
  2718 | D:3      | HP: 1/32 [gnoll (8)]
  2791 | D:2      | HP: 1/32 [gnoll (4)]
  3470 | D:4      | Learned a level 3 spell: Inner Flame
  3470 | D:4      | Found a staircase to the Ecumenical Temple.
  3476 | Temple   | Entered the Ecumenical Temple
  3685 | D:4      | Reached XP level 6. HP: 5/37 MP: 10/10
  4111 | D:4      | Reached skill level 1 in Fighting
  4344 | D:4      | Found an opulent altar of Gozag.
  4608 | D:4      | Reached XP level 7. HP: 14/43 MP: 5/12
  5633 | D:5      | Entered Level 5 of the Dungeon
  5680 | D:5      | Noticed Dowan
  5688 | D:5      | Learned a level 4 spell: Sticky Flame
  5695 | D:5      | Noticed Duvessa
  5991 | D:5      | Killed Duvessa
  6001 | D:5      | Learned a level 2 spell: Slow
  6009 | D:5      | Killed Dowan
  6010 | D:5      | Reached skill level 5 in Stealth
  6596 | D:5      | Reached XP level 8. HP: 37/50 MP: 8/14
  6895 | D:5      | Noticed Pikel
  6903 | D:5      | Killed Pikel
  6904 | D:5      | Reached skill level 5 in Fire Magic
  7688 | D:6      | Reached XP level 9. HP: 55/55 MP: 11/16
  7773 | D:6      | Reached skill level 5 in Spellcasting
  8802 | D:6      | Reached skill level 1 in Short Blades
  8925 | D:6      | Reached skill level 5 in Conjurations
  9277 | D:6      | Found a blossoming altar of Fedhas.
  9433 | D:6      | Noticed Maggie
  9570 | D:6      | Learned a level 5 spell: Fireball
  9745 | D:6      | Killed Maggie
  9887 | D:6      | Reached XP level 10. HP: 54/63 MP: 14/19
 10290 | D:7      | Found Istrou's General Store.
 11061 | D:8      | Found an ornate altar of the Wu Jian Council.
 11061 | D:8      | Found a sparkling altar of Nemelex Xobeh.
 11083 | D:8      | Found a flagged portal.
 11125 | Bailey   | Entered a bailey
 11311 | Bailey   | Noticed an orc knight
 11336 | Bailey   | Killed an orc knight
 11736 | Bailey   | Noticed an orc knight
 11923 | Bailey   | Noticed an orc knight
 11929 | Bailey   | Noticed an orc warlord
 11929 | Bailey   | Noticed an orc knight
 11947 | Bailey   | Slain by a gnoll

Illustrated notes

Levels and vault maps discovered:
D:1:      lemuel_arrival_tunnels, layout_loops_ring
D:2:      layout_basic, minmay_tetromino_o2, uniq_natasha, uniq_robin
D:3:      layout_rooms
D:4:      layout_loops_cross, old_standard_altar, minmay_temple_entry_hall,
          lightli_ossuary_entry_decrepit_ruins
D:5:      layout_loops_cross, uniq_pikel, uniq_duvessa
D:6:      layout_basic, kennysheep_little_box, uniq_maggie
D:7:      layout_rooms, serial_shops, nicolae_shop_trees,
          hangedman_decor_slide_cut, kennysheep_generic_room_9
D:8:      layout_gridville, grunt_temple_overflow_open, minitemple,
          enter_bailey_3, uniq_grum
Temple:   cyrus_circular_temple
Bailey:   bailey_axe_minmay_hex_keep, bailey

Skill      XL: |  1  2  3  4  5  6  7  8  9 10 |
---------------+-------------------------------+-----
Stealth        | 3 4 5 6 7 |  7.7
Axes           | 1 2 3 4 |  4.4
Fire Magic     | 4 5 6 7 |  7.2
Spellcasting   | 3 4 6 7 |  7.1
Conjurations   | 2 3 4 5 6 |  6.1
Fighting       | 1 2 3 |  3.6
Dodging        | 3 4 |  4.4
Short Blades   | 2 3 |  3.9
Throwing       | |  0.1
Hexes          | |  0.4
Evocations     | |  0.4

Action                   |  1- 3 |  4- 6 |  7- 9 | 10-12 || total
-------------------------+-------+-------+-------+-------++-------
Melee: Hand axe          |    16 |    73 |    63 |       ||   152
       Constrict         |     4 |    20 |    17 |    30 ||    71
       Tentacles         |     3 |     9 |    21 |    25 ||    58
       Dagger            |       |     1 |       |       ||     1
       Short sword       |       |       |    29 |    98 ||   127
Throw: Dart              |       |     3 |       |       ||     3
 Cast: Foxfire           |    37 |    56 |   149 |    69 ||   311
       Conjure Flame     |       |     3 |    18 |     3 ||    24
       Sticky Flame      |       |       |    11 |    11 ||    22
       Fireball          |       |       |     1 |     8 ||     9
       Slow              |       |       |     1 |     2 ||     3
       Inner Flame       |       |       |       |     3 ||     3
Evoke: Wand              |       |       |     2 |     1 ||     3
  Use: Potion            |     1 |     7 |     3 |     3 ||    14
       Scroll            |       |       |       |     2 ||     2
 Stab: Sleeping          |     3 |     9 |     9 |     2 ||    23
       Distracted        |       |     1 |       |       ||     1
       Invisible         |       |       |     1 |       ||     1
Armor: Skin              |       |    12 |    11 |     3 ||    26
Dodge: Dodged            |    12 |    73 |    82 |    83 ||   250

Table legend: (Time is in decaauts)
 A = Elapsed time spent in this place.
 B = Non-inter-level travel time spent in this place.
 C = Inter-level travel time spent in this place.
 D = Time resting spent in this place.
 E = Time spent auto-exploring this place.
 F = Levels seen in this place.
 G = Mean time per level.
                   A        B        C        D        E       F      G
               +--------+--------+--------+--------+--------+-----+--------+
         Total |  11975 |  11626 |    349 |   3794 |   5080 |  10 | 1197.5 |
       Dungeon |  11088 |  10746 |    342 |   3337 |   5026 |   8 | 1386.0 |
        Temple |     70 |     63 |      7 |      0 |      0 |   1 |   70.0 |
        Bailey |    816 |    816 |      0 |    457 |     54 |   1 |  816.0 |
               +--------+--------+--------+--------+--------+-----+--------+

Top non-repeatable levels by time:
     D:6: 2814 daAuts
     D:2: 2062 daAuts
     D:4: 1872 daAuts
     D:5: 1464 daAuts
     D:3: 1159 daAuts
     D:7: 854 daAuts
  Bailey: 816 daAuts
     D:1: 797 daAuts
  Temple: 70 daAuts
     D:8: 63 daAuts
